 Dungeon Crawl Stone Soup version 0.23.0 (webtiles) character file.

Game seed: 81485442273677821

1462 Borgoz the Chopper (level 8, -5/48 HPs)
             Began as a Gargoyle Gladiator on Feb 9, 2019.
             Was a Follower of Ashenzari.
             Slain by a troll (8 damage)
             ... on level 7 of the Dungeon.
             The game lasted 00:08:09 (5757 turns).

Borgoz the Chopper (Gargoyle Gladiator)             Turns: 5757, Time: 00:08:10

Health: -5/48      AC: 12    Str: 19    XL:     8   Next: 77%
Magic:  8/8        EV: 13    Int:  8    God:    Ashenzari [*.....]
Gold:   264        SH:  0    Dex: 13    Spells: 7/7 levels left

rFire    . . .     SeeInvis .   w - +2 hand axe (flame)
rCold    . . .     Gourm    .   (no shield)
rNeg     + . .     Faith    .   n - +0 ring mail (curse)
rPois    ∞         Spirit   .   c - +0 helmet
rElec    +         Reflect  .   (no cloak)
rCorr    .         Harm     .   (no gloves)
MR       .....                  (no boots)
Stlth    ..........             (no amulet)
HPRegen  0.16/turn              (no ring)
MPRegen  0.11/turn              (no ring)

@: confused
A: negative energy resistance 1, electricity resistance, unbreathing,
petrification resistance, rot immunity, AC +5
a: Curse Item, Scrying, Renounce Religion


You were on level 7 of the Dungeon.
You worshipped Ashenzari.
Ashenzari was aware of your devotion.
You were not hungry.

You visited 2 branches of the dungeon, and saw 8 of its levels.
You also visited: Ossuary.

You collected 264 gold pieces.

Inventory:

Hand Weapons
 w - a +2 hand axe of flaming (weapon)
Missiles
 d - 3 throwing nets (quivered)
Armour
 c - a +0 helmet (worn)
 n - a cursed +0 ring mail (worn)
Wands
 a - a wand of polymorph (8)
 r - a wand of scattershot (4)
 s - a wand of random effects (21)
 v - a wand of clouds (1)
Scrolls
 b - 3 scrolls of remove curse
 e - 10 scrolls of identify {unknown}
 h - 4 scrolls of enchant weapon {unknown}
 i - 5 scrolls of enchant armour {unknown}
 k - 2 scrolls of noise {unknown}
 l - 4 scrolls of blinking {unknown}
 o - 2 scrolls of amnesia {unknown}
 u - 7 scrolls of teleportation {unknown}
 y - a scroll of random uselessness {unknown}
 z - a scroll of vulnerability {unknown}
 A - a scroll of magic mapping {unknown}
 B - a scroll of fog {unknown}
Potions
 j - a potion of might {unknown}
 m - a potion of haste {unknown}
 p - 5 potions of curing {unknown}
 q - 2 potions of heal wounds {unknown}
 t - 2 potions of degeneration {unknown}
 x - a potion of lignification {unknown}
Comestibles
 f - 12 rations


   Skills:
 + Level 4.8 Fighting
 + Level 7.1 Axes
 + Level 1.8 Throwing
 + Level 4.8 Armour
 + Level 4.4 Dodging
 + Level 1.0 Stealth


You had 7 spell levels left.
You didn't know any spells.
Your spell library contained the following spells:

 Spells                   Type           Power        Failure   Level  Hunger
 Animate Skeleton         Necr           N/A          58%         1    ##.....
 Pain                     Necr           #...         58%         1    ##.....
 Regeneration             Chrm/Necr      #.........   91%         3    ####...
 Vampiric Draining        Necr           #.........   91%         3    ####...
 Animate Dead             Necr           N/A          100%        4    #####..


Dungeon Overview and Level Annotations

Branches:
Dungeon (7/15)             Temple (1/1) D:4

Altars:
Ashenzari
Cheibriados
Dithmenos
Elyvilon
Fedhas
Gozag
Hepliaklqana
Kikubaaqudgha
Makhleb
Nemelex Xobeh
Okawaru
Qazlal
Ru
Sif Muna
Trog
Uskayaw
Vehumet
Wu Jian
Xom
Yredelemnul
Zin

Annotations:
D:6 Dowan, Duvessa


Innate Abilities, Weirdness & Mutations

You are resistant to torment.
Your stone body is resilient. (AC +5)
You are immune to poison.
You resist negative energy. (rN+)
You are resistant to electric shocks. (rElec)
You can survive without breathing.
You are immune to petrification.
You are immune to rotting.


Message History

You hit the troll. You burn the troll.
The troll is moderately wounded.
The troll bites you. The troll completely misses you. The troll claws you.
You hit the troll but do no damage.
The troll is moderately wounded.
You hit the troll. You burn the troll.
The troll is heavily wounded.
The troll barely misses you. The troll closely misses you. x2
You closely miss the troll.
The troll is heavily wounded.
The troll closely misses you. The troll claws you!
* * * LOW HITPOINT WARNING * * *
The troll claws you!
* * * LOW HITPOINT WARNING * * *
You are confused.
You feel invigorated. The troll bites you but does no damage.
The troll claws you.
* * * LOW HITPOINT WARNING * * *
The troll claws you!
You die...

#...(# #..
###.#.....#......
#....#
#...#..>.#...#...###.
#....#
###.......#.#.#### #.
#....# #.#.#..#.#.##
#. ###.##
#.#.#.†.#.## #. #..#
...##.≈### #. ##.##
#.......# #. #..####
#.###...# #. #.....#
###@# ##..# ..
#.....# #.T.# #...
#...>.###Z### #..#.
#.......l.## #.....
#..........#
#......###.##
........# #l.#
#.######## ##..# #.
#.#


You could see a troll, an iguana and a worker ant zombie.

Vanquished Creatures
  A hippogriff (D:7)
  A sky beast (D:7)
  An ogre (D:4)
  A centaur (D:6)
  A bullfrog (D:6)
  3 scorpions
  4 howler monkeys
  A crimson imp (D:6)
  A jelly (D:5)
  An orc priest (D:4)
  2 hounds
  A centaur skeleton (D:6)
  3 iguanas
  2 worker ants (D:4)
  13 mummies (Ossuary)
  6 adders
  A howler monkey skeleton (D:4)
  2 oozes
  An adder skeleton (D:5)
  2 worms
  5 dart slugs
  6 leopard geckos
  5 orcs
  A ball python (D:3)
  8 bats
  3 giant cockroaches (D:1)
  4 goblins
  10 hobgoblins
  5 jackals
  3 quokkas
  3 frilled lizards
  4 gnoll skeletons (Ossuary)
  A goblin skeleton (Ossuary)
  9 kobolds
  2 kobold skeletons (Ossuary)
  An orc skeleton (Ossuary)
  11 rats
  11 rat skeletons (Ossuary)
  A spectral orc (D:5)
141 creatures vanquished.

Notes
Turn   | Place    | Note
-------+----------+-------------------------------------------
     0 | D:1      | Borgoz the Gargoyle Gladiator began the quest for the Orb.
     0 | D:1      | Reached XP level 1. HP: 12/12 MP: 1/1
   104 | D:1      | Reached XP level 2. HP: 17/17 MP: 2/2
   118 | D:1      | Reached skill level 3 in Axes
   504 | D:1      | Reached XP level 3. HP: 22/22 MP: 3/3
  1129 | D:2      | Noticed a scorpion
  1143 | D:2      | Killed a scorpion
  1143 | D:2      | Reached skill level 1 in Armour
  1143 | D:2      | Reached XP level 4. HP: 16/27 MP: 4/4
  1268 | D:2      | Reached skill level 4 in Axes
  1616 | D:2      | Found an ancient bone altar of Kikubaaqudgha.
  1629 | D:2      | Reached XP level 5. HP: 21/32 MP: 5/5
  2335 | D:3      | Found a hazy altar of Hepliaklqana.
  2663 | D:4      | Reached XP level 6. HP: 37/37 MP: 6/6
  3153 | D:4      | Reached skill level 5 in Axes
  3401 | D:4      | Reached XP level 7. HP: 31/41 MP: 7/7
  3538 | D:4      | Found a staircase to the Ecumenical Temple.
  3564 | Temple   | Entered the Ecumenical Temple
  3629 | Temple   | Became a worshipper of Ashenzari the Shackled
  3862 | D:5      | Entered Level 5 of the Dungeon
  4140 | D:5      | Found an iron altar of Okawaru.
  4263 | D:5      | Found a basalt altar of Yredelemnul.
  4428 | D:5      | Found a white marble altar of Elyvilon.
  4429 | D:5      | Found a glowing silver altar of Zin.
  4525 | D:6      | Reached * piety under Ashenzari
  4533 | D:6      | Reached skill level 6 in Axes
  4562 | D:6      | Reached XP level 8. HP: 35/48 MP: 8/8
  4648 | D:6      | Noticed Duvessa
  4648 | D:6      | Noticed Dowan
  4688 | D:7      | Found a sacrificial altar of Ru.
  4714 | D:7      | Reached skill level 1 in Stealth
  4720 | D:7      | Noticed a hippogriff
  4728 | D:7      | Killed a hippogriff
  4731 | D:7      | Found a sand-covered staircase.
  4738 | Ossuary  | Entered an ossuary
  5295 | Ossuary  | Reached skill level 7 in Axes
  5733 | D:7      | Noticed a troll
  5752 | D:7      | HP: 1/48 [troll (10)]
  5757 | D:7      | Slain by a troll

Skill      XL: |  1  2  3  4  5  6  7  8 |
---------------+-------------------------+-----
Axes           | 3 4 5 6 7 |  7.1
Armour         | 1 2 3 4 |  4.8
Dodging        | 3 4 |  4.4
Fighting       | 3 4 |  4.8
Stealth        | 1 |  1.0
Throwing       | |  1.8

Action                   |  1- 3 |  4- 6 |  7- 9 || total
-------------------------+-------+-------+-------++-------
Melee: War axe           |    80 |   159 |       ||   239
       Hand axe          |       |    13 |   254 ||   267
       Unarmed           |       |       |     7 ||     7
  Use: Potion            |       |       |     4 ||     4
  Eat: Chunk             |       |     8 |     5 ||    13
       Ration            |       |       |     1 ||     1
Armor: Leather armour    |    35 |    72 |       ||   107
       Ring mail         |       |     3 |    90 ||    93
Dodge: Dodged            |    68 |   135 |   142 ||   345
